 Dungeon Crawl Stone Soup version 0.31-a0-278-g485e682e34 (webtiles) character file.

Game seed: 18146874103060940594

1099 Morbidden the Changeling (level 8, 0/72 HPs)
             Began as a Naga Shapeshifter on July 16, 2023.
             Slain by a gnoll
             ... wielding a +0 halberd
             ... led by a gnoll bouda
              (14 damage)
             ... on level 5 of the Dungeon.
             The game lasted 00:06:12 (6363 turns).

Morbidden the Changeling (Naga Shapeshifter)        Turns: 6363, Time: 00:06:13

Health: 0/72       AC:  7    Str: 20    XL:     8   Next: 32%
Magic:  8/8        EV:  7    Int:  9    God:
Gold:   394        SH:  0    Dex: 11    Spells: 7/7 levels left

rFire   . . .        a - +0 whip (venom)
rCold   . . .        (no shield)
rNeg    . . .        u - +0 chain mail
rPois   +            (helmet currently unavailable)
rElec   .            (cloak currently unavailable)
rCorr   .            (gloves currently unavailable)
SInv    +            (no barding)
Will    +....        (no amulet) Stlth
                     (no ring)
HPRegen 0.32/turn    (no ring)
MPRegen 0.11/turn

%: no passive effects
@: beast-form, weakened, very slow
A: beast (slay +3), AC +2, large, see invisible, deformed body, poison
resistance, slowness 2, spit poison 1, naga tail 1
a: Spit Poison, Begin Untransformation


You were on level 5 of the Dungeon.
You were a hulking beast.
You visited 1 branch of the dungeon, and saw 5 of its levels.
You also visited: Sewer.

You collected 427 gold pieces.
You spent 33 gold pieces at shops.

Inventory:

Hand Weapons
 a - a +0 whip of venom (weapon)
Missiles
 h - 29 stones
 t - 3 boomerangs
Armour
 u - a +0 chain mail (worn)
Talismans
 c - a beast talisman
Wands
 b - a wand of iceblast (5)
 v - a wand of polymorph (9)
 z - a wand of flame (10)
Scrolls
 d - a scroll of blinking
 j - 2 scrolls of teleportation
 p - a scroll of amnesia
 s - 4 scrolls of identify
 x - a scroll of immolation
Potions
 e - a potion of degeneration {unknown}
 f - a potion of curing
 g - a potion of might
 i - a potion of magic
 k - a potion of invisibility {unknown}
 l - a potion of berserk rage {unknown}
 m - a potion of heal wounds
 n - 6 potions of enlightenment
 r - 2 potions of haste {unknown}
 w - a potion of resistance {unknown}


   Skills:
 * Level 4.0 Fighting
 + Level 4.5 Maces & Flails
 + Level 3.0 Armour
 * Level 3.3 Dodging
 + Level 2.0 Stealth
 * Level 2.9 Unarmed Combat
 * Level 4.6 Shapeshifting


You had 7 spell levels left.
You didn't know any spells.
Your spell library contained the following spells:

 Spells                   Type           Power      Damage    Failure   Level
 Necrotise                Necr           0%         1d4       97%         1
 Ozocubu's Armour         Ice            0%         N/A       100%        3
 Vampiric Draining        Necr           0%         2d6       100%        3
 Agony                    Necr           0%         N/A       100%        5
 Metabolic Englaciation   Hex/Ice        0%         N/A       100%        5
 Simulacrum               Ice/Necr       0%         N/A       100%        6


Dungeon Overview and Level Annotations

Branches:
Dungeon (5/15)              Sewer (visited)
 Temple: D:4-7

Altars:
Fedhas
Kikubaaqudgha
Wu Jian
The Shining One

Shops:
D:1 :   D:2 ?   D:4 :

Annotations:
D:3 1 runed translucent door, Olga's ghost, amateur MfNe
D:5 Edmund


Innate Abilities, Weirdness & Mutations

You are a hulking beast.
Your limbs bulge with bestial killing power. (Slay +3)
Your serpentine skin is tough. (AC +2)
You have supernaturally acute eyesight. (SInv)
Armour fits poorly on your strangely shaped body.
Your system is resistant to poisons. (rPois)
You cover ground very slowly.
You can spit poison.
You have a snake-like lower body.


Message History

The gnoll hits you from afar with a +0 spear.
The gnoll bouda hits you with a +0 club.
You can't go down here!
You hit the gnoll bouda.
The gnoll bouda looks as sick as possible!
The gnoll bouda is almost dead.
The gnoll hits you from afar with a +0 halberd!
The gnoll barely misses you.
The gnoll bouda hits you with a +0 club!
Unknown command.
You closely miss the gnoll bouda.
The gnoll bouda is almost dead.
The gnoll hits you but does no damage. The gnoll barely misses you.
The gnoll bouda gazes fiercely through you!
You feel as though you will be weak longer.
The gnoll bouda barely misses you.
Unknown command.
Unknown command.
You hit the gnoll bouda but do no damage.
The gnoll bouda looks as sick as possible!
The gnoll bouda is almost dead.
You kill the gnoll bouda!
The gnoll is no longer moving quickly.
The gnoll hits you from afar with a +0 halberd.
The gnoll hits you but does no damage.
Unknown command.
The gnoll hits you with a +0 halberd.
* * * LOW HITPOINT WARNING * * *
The gnoll hits you with a +0 spear.
* * * LOW HITPOINT WARNING * * *
The gnoll hits you with a +0 halberd.
* * * LOW HITPOINT WARNING * * *
There is a stone staircase leading down, spattered with blood here.
Things that are here:
a +0 club; a +0 leather armour Unknown command.
The gnoll hits you with a +0 spear.
* * * LOW HITPOINT WARNING * * *
The gnoll hits you with a +0 halberd!
You die...

**,*** *,,,,,..#####* *,,*
****,..,* # *,** *...** ## * *,*
*##..,##*****#. ***,*
##...,...,,,,,,. ,,,,*
#..#,....,,,,,,# ***###***
###.##.....******# ,,,....,*
#####[.....#,,,,,,,* #
,,,.....####..†gh..#*****,***,**#
,,,............g####*****,***,,#.
****....##...##......,,,*,,***,#.
**8*.,,,#.....#######**,,,,,**,..
,,..........#.....,,,,,,,,,,,,,.,
,,...###......####********,*,,,,,
,,,,,*#........#***,,,,,,,,,,*,,,
**8**#...........,,,*****,,,,**,,
*** #.........####### *,,,***,,


You could see 2 gnolls.

Vanquished Creatures
  A sky beast (D:5)
  A black bear (D:5)
  A scorpion (D:5)
  A howler monkey (D:3)
  2 hounds (D:4)
  A jelly (D:5)
  2 orc priests
  A gnoll bouda (D:5)
  2 iguanas (D:4)
  2 orc wizards (D:4)
  Natasha (thrice) (D:3)
  A malarious merfolk avatar (Sewer)
  A sickly merfolk siren (Sewer)
  Robin (D:3)
  3 gnolls (D:5)
  10 adders
  A river rat (Sewer)
  2 worms
  4 dart slugs
  An orc (D:4)
  7 ball pythons
  4 bats (D:1)
  4 endoplasms
  5 giant cockroaches
  13 goblins
  8 hobgoblins
  5 jackals
  5 quokkas
  6 frilled lizards
  7 kobolds
  31 rats
136 creatures vanquished.

Vanquished Creatures (collateral kills)
  Eustachio (D:5)
  A jelly (D:5)
2 creatures vanquished.

Grand Total: 138 creatures vanquished

Notes
Turn   | Place    | Note
-------+----------+-------------------------------------------
     0 | D:1      | Morbidden the Naga Shapeshifter began the quest for the
                  | Orb.
     0 | D:1      | Reached XP level 1. HP: 19/19 MP: 1/1
   218 | D:1      | Reached XP level 2. HP: 3/26 MP: 2/2
   894 | D:1      | HP: 1/27 [jackal (1)]
  1270 | D:1      | Found Qissad's Book Emporium.
  1376 | D:1      | Reached XP level 3. HP: 26/33 MP: 3/3
  2267 | D:2      | Reached XP level 4. HP: 39/40 MP: 4/4
  2801 | D:2      | Found The Oracle's Delphic Readings.
  2805 | D:2      | Bought a scroll of teleportation for 33 gold pieces
  2884 | D:3      | Reached skill level 1 in Maces & Flails
  2884 | D:3      | Reached XP level 5. HP: 38/49 MP: 5/5
  3058 | D:3      | Reached skill level 1 in Stealth
  3312 | D:3      | Noticed Natasha
  3315 | D:3      | Killed Natasha
  3399 | D:3      | Noticed Robin
  3421 | D:3      | Killed Robin
  3585 | D:3      | Found a glowing golden altar of the Shining One.
  3644 | D:3      | Found a runed translucent door.
  3732 | D:3      | Noticed Natasha
  3747 | D:3      | Killed Natasha
  3748 | D:3      | Reached skill level 1 in Armour
  3955 | D:3      | Noticed Natasha
  3968 | D:3      | Killed Natasha
  3969 | D:3      | Reached XP level 6. HP: 38/56 MP: 6/6
  4131 | D:3      | Noticed Olga's ghost (amateur MfNe)
  4486 | D:4      | Found a blossoming altar of Fedhas.
  4521 | D:4      | Found an ancient bone altar of Kikubaaqudgha.
  4733 | D:4      | Found Yriorr's Tremendous Tomes.
  4867 | D:4      | Reached XP level 7. HP: 60/62 MP: 7/7
  5423 | D:4      | Found an ornate altar of the Wu Jian Council.
  5536 | D:5      | Entered Level 5 of the Dungeon
  5541 | D:5      | Noticed Eustachio
  5558 | D:5      | Killed Eustachio
  5585 | D:5      | Reached XP level 8. HP: 30/72 MP: 8/8
  5616 | D:5      | Noticed a wyvern
  5631 | D:5      | Noticed Edmund
  5645 | D:5      | Found a glowing drain.
  5656 | Sewer    | Entered a sewer
  6363 | D:5      | Slain by a gnoll

Illustrated notes

Levels and vault maps discovered:
D:1:      elethiomel_arrival_infinity_welcomes_careful_drivers, layout_basic,
          serial_shops, shop, serial_bayou_ford_a, kennysheep_flooded_box
D:2:      layout_basic, grunt_decor_mini_mirrors, nicolae_nh_oracle_at_delphi
D:3:      layout_basic, nicolae_overflow_hidden_temple,
          ebering_ghost_reflecting_pool, nrook_loot_triangle,
          dreamdust_wishing_well, uniq_robin, uniq_natasha
D:4:      layout_loops_corners, grunt_temple_overflow_growth_and_decay,
          mainiacjoe_overflow_alcove_2, nicolae_shop_i_like_big_books
D:5:      layout_rooms, lemuel_doored_altar, portal_sewer_entry_b,
          serial_corexii_hall, corexii_hall_statues_l, corexii_hall_statues_l,
          corexii_hall_statues_i, corexii_hall_statues_t, uniq_eustachio,
          uniq_blork_the_orc, uniq_edmund

Skill      XL: |  1  2  3  4  5  6  7  8 |
---------------+-------------------------+-----
Dodging        | 2 3 |  3.3
Fighting       | 3 4 |  4.0
Maces & Flails | 1 2 3 4 |  4.5
Stealth        | 1 2 |  2.0
Armour         | 1 2 3 |  3.0
Shapeshifting  | 4 |  4.6
Unarmed Combat | |  2.9

Action                     |  1- 3 |  4- 6 |  7- 9 || total
---------------------------+-------+-------+-------++-------
  Melee: Unarmed           |   110 |       |       ||   110
         Punch             |     4 |     2 |     3 ||     9
         Whip              |    20 |   168 |   152 ||   340
Ability: Spit Poison       |       |       |     3 ||     3
    Use: Potion            |     1 |     1 |     5 ||     7
         Scroll            |       |       |    11 ||    11
   Stab: Distracted        |       |       |     2 ||     2
 Armour: Animal skin       |    20 |       |       ||    20
         Skin              |     9 |       |    23 ||    32
         Ring mail         |    15 |    11 |       ||    26
         Chain mail        |       |    55 |    98 ||   153
  Dodge: Dodged            |    69 |    42 |    59 ||   170

Table legend: (Time is in decaauts)
 A = Elapsed time spent in this place.
 B = Non-inter-level travel time spent in this place.
 C = Inter-level travel time spent in this place.
 D = Time resting spent in this place.
 E = Time spent auto-exploring this place.
 F = Levels seen in this place.
 G = Mean time per level.
                   A        B        C        D        E       F      G
               +--------+--------+--------+--------+--------+-----+--------+
         Total |   7657 |   7496 |    161 |   1631 |   4822 |   6 | 1276.2 |
       Dungeon |   7047 |   6886 |    161 |   1356 |   4640 |   5 | 1409.4 |
         Sewer |    610 |    610 |      0 |    275 |    182 |   1 |  610.0 |
               +--------+--------+--------+--------+--------+-----+--------+

Top non-repeatable levels by time:
     D:1: 2037 daAuts
     D:4: 1729 daAuts
     D:3: 1587 daAuts
     D:2: 1419 daAuts
   Sewer: 610 daAuts
     D:5: 273 daAuts
